 Dungeon Crawl Stone Soup version 0.27-a0-223-ge082b6e869 (webtiles) character file.

Game seed: 8619698774228491464

378 jasper the Sneak (level 6, -2/48 HPs)
             Began as a Demonspawn Brigand on Feb 2, 2021.
             Slain by a worker ant (3 damage)
             ... on level 5 of the Dungeon.
             The game lasted 00:06:35 (4656 turns).

jasper the Sneak (Demonspawn Brigand)               Turns: 4656, Time: 00:06:36

Health: -2/48      AC:  8    Str: 11    XL:     6   Next: 45%
Magic:  6/6        EV: 12    Int: 13    God:
Gold:   168        SH:  0    Dex: 16    Spells: 5/5 levels left

rFire    . . .     SeeInvis .   a - +2 dagger
rCold    . . .     Faith    .   (no shield)
rNeg     . . .     Spirit   .   e - +3 leather armour {rPois}
rPois    +         Reflect  .   (helmet restricted)
rElec    .         Harm     .   c - +0 cloak
rCorr    +         Rampage  .   (no gloves)
Will     .....                  (no boots)
Stlth    +++.......             (no amulet)
HPRegen  0.16/turn              t - ring of resist corrosion
MPRegen  0.10/turn              (no ring)

@: lethally poisoned (-2 -> -6), hasted, very quick
A: antennae 1, rugged brown scales 1
a: no special abilities


You were on level 5 of the Dungeon.
You visited 1 branch of the dungeon, and saw 5 of its levels.

You collected 168 gold pieces.

Inventory:

Hand Weapons
 a - a +2 dagger (weapon)
Missiles
 d - 20 poisoned darts (quivered)
 f - a curare-tipped dart
Armour
 b - a +0 robe
 c - a +0 cloak (worn)
 e - a +3 leather armour of poison resistance (worn)
Jewellery
 t - a ring of resist corrosion (left hand)
 A - an uncursed ring of fire {unknown}
Wands
 v - a wand of charming (7)
 w - a wand of iceblast (8)
Scrolls
 g - 2 scrolls of remove curse {unknown}
 j - 3 scrolls of identify {unknown}
 n - 2 scrolls of fog {unknown}
 q - 2 scrolls of fear {unknown}
 r - 2 scrolls of magic mapping {unknown}
 u - a scroll of enchant armour {unknown}
 y - a scroll of immolation {unknown}
 z - a scroll of blinking {unknown}
 B - a scroll of amnesia {unknown}
Potions
 h - a potion of heal wounds {unknown}
 i - a potion of magic
 k - a potion of resistance {unknown}
 l - a potion of cancellation {unknown}
 m - a potion of haste
 o - a potion of brilliance {unknown}
 p - a potion of attraction {unknown}
 s - 2 potions of degeneration {unknown}


   Skills:
 + Level 3.5 Fighting
 * Level 4.2 Short Blades
 - Level 1.7 Throwing
 + Level 1.4 Armour
 + Level 1.8 Dodging
 + Level 4.7 Stealth


You had 5 spell levels left.
You didn't know any spells.
Your spell library was empty.

Dungeon Overview and Level Annotations

Branches:
Dungeon (5/15)
 Temple: D:4-7

Altars:
Fedhas

Annotations:
D:4 Menkaure


Innate Abilities, Weirdness & Mutations

You have a pair of small antennae on your head.
You are partially covered in rugged brown scales. (AC +1, +3% HP)


Message History

* * * LOW HITPOINT WARNING * * *
There is a stone staircase leading down here.
Menkaure calls on the powers of darkness!
Your body is wracked with pain!
* * * LOW HITPOINT WARNING * * *
The worker ant bites you.
* * * LOW HITPOINT WARNING * * *
You are lethally poisoned!
The worker ant poisons you!
You climb downwards.
* * * LOW HITPOINT WARNING * * *
You feel sick.
There is a stone staircase leading up here.
You take 6 damage, and have 2/48 hp.
It was a potion of magic.
Magic courses through your body.
* * * LOW HITPOINT WARNING * * *
You feel sick. The worker ant barely misses you.
You take 1 damage, and have 1/48 hp.
It was a potion of haste.
You feel yourself speed up. The worker ant bites you.
You die...

# #. #.#
#.######
#@B...#
#.####.#
#.# ...
###


You could see a worker ant.

Vanquished Creatures
  A bullfrog (D:4)
  2 hounds
  An orc wizard (D:3)
  A worker ant (D:4)
  Ijyb (D:3)
  4 gnolls (D:3)
  5 adders
  2 oozes
  2 worms
  2 dart slugs
  3 leopard geckos
  5 orcs (D:3)
  3 ball pythons
  10 bats
  3 giant cockroaches
  10 goblins
  8 hobgoblins
  3 jackals (D:4)
  9 kobolds
  2 quokkas
  2 frilled lizards
  6 rats
85 creatures vanquished.

Notes
Turn   | Place    | Note
-------+----------+-------------------------------------------
     0 | D:1      | jasper the Demonspawn Brigand began the quest for the Orb.
     0 | D:1      | Reached XP level 1. HP: 16/16 MP: 1/1
   496 | D:1      | Gained mutation: You have a pair of small antennae on your
                  | head. [demonic ancestry]
   496 | D:1      | Reached XP level 2. HP: 22/22 MP: 2/2
  1550 | D:1      | Reached XP level 3. HP: 28/28 MP: 3/3
  1834 | D:2      | Reached XP level 4. HP: 34/34 MP: 4/4
  3213 | D:3      | Reached skill level 1 in Dodging
  3225 | D:3      | Reached XP level 5. HP: 29/41 MP: 5/5
  3660 | D:3      | Found a blossoming altar of Fedhas.
  3793 | D:3      | Noticed Ijyb
  3796 | D:3      | Killed Ijyb
  3811 | D:3      | Reached skill level 1 in Armour
  4352 | D:4      | Gained mutation: You are partially covered in rugged brown
                  | scales. (AC +1, +3% HP) [demonic ancestry]
  4352 | D:4      | Reached XP level 6. HP: 40/48 MP: 6/6
  4631 | D:4      | Noticed Menkaure
  4654 | D:5      | Entered Level 5 of the Dungeon
  4654 | D:5      | HP: 2/48 [poisoned by a worker ant]
  4656 | D:5      | Slain by a worker ant

Illustrated notes

Levels and vault maps discovered:
D:1:      erik_arrival_cave_to_civilisation [erik_arrival_cave_to_hall],
          layout_basic
D:2:      layout_rooms, minmay_circle_x
D:3:      layout_basic, fedhas_altar_3, uniq_ijyb
D:4:      layout_basic, minmay_temple_entry_drinking_statues,
          lightli_ossuary_entry_decrepit_ruins, serial_shops,
          nicolae_shop_stone, makhleb_altar_promises_db, uniq_menkaure
D:5:      layout_loops_ring, dancing_weapons_uskayaw, uniq_edmund

Skill      XL: |  1  2  3  4  5 |
---------------+----------------+-----
Short Blades   | 2 3 4 |  4.2
Stealth        | 4 |  4.7
Fighting       | 3 |  3.5
Dodging        | 1 |  1.8
Armour         | 1 |  1.4
Throwing       | |  1.7

Action                   |  1- 3 |  4- 6 || total
-------------------------+-------+-------++-------
Melee: Dagger            |    85 |   180 ||   265
Throw: Dart              |    18 |    96 ||   114
  Use: Potion            |       |     5 ||     5
 Stab: Sleeping          |     8 |    11 ||    19
       Distracted        |       |     1 ||     1
Armor: Robe              |    23 |    16 ||    39
       Leather armour    |       |    44 ||    44
Dodge: Dodged            |    63 |   124 ||   187

Table legend: (Time is in decaauts)
 A = Elapsed time spent in this place.
 B = Non-inter-level travel time spent in this place.
 C = Inter-level travel time spent in this place.
 D = Time resting spent in this place.
 E = Time spent auto-exploring this place.
 F = Levels seen in this place.
 G = Mean time per level.
                   A        B        C        D        E       F      G
               +--------+--------+--------+--------+--------+-----+--------+
         Total |   4602 |   4565 |     37 |    637 |   3128 |   5 |  920.4 |
       Dungeon |   4602 |   4565 |     37 |    637 |   3128 |   5 |  920.4 |
               +--------+--------+--------+--------+--------+-----+--------+

Top non-repeatable levels by time:
     D:1: 1678 daAuts
     D:2: 1383 daAuts
     D:3: 1185 daAuts
     D:4: 352 daAuts
     D:5: 1 daAuts
